Map: Catalyst LE

Players

Infamous - Winner!

  • Race: Protoss Protoss
  • League: Silver
  • Spawn Location: 11:00

ODSTJacob

  • Race: Terran Terran
  • League: Silver
  • Spawn Location: 5:00

VOD

Have the link to the VOD?

Description

Time

  • Played on: March 22, 2018, 1:49 p.m.
  • Length: 11:15
Show
View Real Time Build Order
Export as new Build Order

Infamous Protoss - Winner!

Build Orders: 1 Gate Expand 

Get SALT Encoding   

  12  0:01  Probe  
  13  0:14  Probe  
  14  0:18  Pylon  
  14  0:26  Probe  
  15  0:36  Gateway  
  15  0:39  Probe  
  16  0:51  Probe  
  16  0:56  Assimilator  
  17  1:04  Probe (Chrono Boost)  
  18  1:13  Probe (Chrono Boost)  
  19  1:19  Probe  
  20  1:31  Probe  
  21  1:35  Nexus  
  21  1:45  Pylon  
  21  1:50  Probe  
  22  1:54  Assimilator  
  22  2:00  Cybernetics Core  
  21  2:09  Probe  
  21  2:12  Zealot  
  24  2:21  Probe  
  25  2:30  Gateway  
  25  2:41  Warp Gate (Chrono Boost)  
  25  2:43  Probe  
  26  2:50  Gateway  
  26  2:54  Probe (Chrono Boost)  
  28  3:01  Probe (Chrono Boost)  
  28  3:05  Probe (Chrono Boost), Pylon  
  29  3:12  Forge  
  29  3:16  Probe  
  29  3:17  Probe  
  31  3:31  Gateway  
  31  3:35  Probe (Chrono Boost)  
  31  3:41  Probe (Chrono Boost), Assimilator  
  33  3:45  Protoss Ground Weapons Level 1 (Chrono Boost)  
  33  3:48  Pylon  
  33  3:57  Shield Battery  
  33  3:59  Probe x2  
  35  4:18  Gateway  
  35  4:23  Gateway  
  35  4:24  Gateway  
  35  4:32  Probe  
  35  4:37  Sentry, Robotics Facility  
  35  4:38  Sentry  
  40  4:41  Stalker  
  40  4:42  Sentry  
  40  4:45  Probe (Chrono Boost)  
  45  4:48  Probe (Chrono Boost)  
  46  4:54  Assimilator  
  46  4:55  Probe (Chrono Boost)  
  46  4:58  Probe (Chrono Boost)  
  48  5:03  Probe x2 (Chrono Boost)  
  50  5:11  Probe (Chrono Boost)  
  50  5:12  Pylon  
  52  5:21  Probe (Chrono Boost)  
  52  5:24  Probe (Chrono Boost)  
  52  5:25  Observer  
  54  5:30  Stalker  
  54  5:32  Stalker x2  
  54  5:33  Stalker x2  
  64  5:37  Zealot  
  64  5:38  Zealot  
  68  5:51  Robotics Bay  
  68  5:59  Sentry  
  70  6:08  Pylon  
  70  6:11  Shield Battery  
  70  6:13  Pylon  
  70  6:14  Photon Cannon  
  70  6:15  Photon Cannon  
  70  6:19  Pylon  
  70  6:23  Pylon  
  70  6:26  Immortal (Chrono Boost)  
  74  6:35  Zealot  
  74  6:36  Zealot  
  78  6:51  Protoss Ground Armor Level 1 (Chrono Boost)  
  78  6:52  Shield Battery  
  78  6:57  Stalker x2  
  78  6:58  Stalker x2  
  78  6:59  Stalker  
  88  7:05  Colossus (Chrono Boost)  
  94  7:26  Pylon, Zealot x4  
  102  7:40  Extended Thermal Lance  
  102  7:46  Pylon, Sentry x4  
  106  7:55  Zealot x2  
  110  8:07  Twilight Council  
  110  8:08  Colossus (Chrono Boost)  
  116  8:15  Pylon  
  116  8:22  Pylon  
  116  8:25  Stalker  
  118  8:32  Pylon  
  118  8:46  Nexus  
  118  8:49  Pylon, Stalker x2  
  121  9:01  Immortal  
  99  9:35  Stalker  
  99  9:36  Stalker x5  
  99  9:37  Stalker  
  107  9:42  Immortal (Chrono Boost)  
  107  9:57  Pylon  
  91  10:11  Stalker x6  
  99  10:35  Photon Cannon  
  99  10:41  Stalker x3  
  99  10:42  Stalker  
  107  10:44  Sentry x3  
Show
View Real Time Build Order
Export as new Build Order

ODSTJacob Terran 

Build Orders: MMM Bio 

Get SALT Encoding   

  12  0:01  SCV  
  13  0:13  SCV  
  14  0:19  Supply Depot  
  14  0:25  SCV  
  15  0:29  Refinery  
  15  0:41  SCV  
  16  0:46  Barracks  
  16  0:53  SCV  
  17  1:05  SCV  
  18  1:17  SCV  
  19  1:30  SCV  
  20  1:36  Marine  
  21  1:42  Command Center  
  21  1:54  Orbital Command  
  21  1:58  Marine  
  22  2:11  Supply Depot  
  22  2:19  Barracks Reactor  
  22  2:31  SCV  
  23  2:38  Factory  
  23  2:41  Refinery  
  22  2:45  SCV  
  23  2:57  SCV  
  24  2:58  Orbital Command  
  24  3:00  Marine x2  
  26  3:12  Barracks  
  26  3:15  SCV  
  27  3:22  Marine x2  
  27  3:25  Factory Tech Lab  
  29  3:27  SCV x2  
  31  3:35  Supply Depot  
  31  3:39  SCV x2  
  33  3:41  Marine  
  34  3:49  Marine  
  34  3:50  Bunker  
  34  3:54  Siege Tank  
  38  3:57  SCV  
  38  3:58  SCV  
  40  4:08  Barracks Tech Lab  
  40  4:09  SCV  
  41  4:10  Marine x2, SCV  
  44  4:19  Starport  
  44  4:24  Supply Depot  
  44  4:30  Marine x2  
  46  4:33  Cyclone  
  46  4:34  Stimpack  
  46  4:36  SCV  
  50  4:42  Marauder  
  52  4:51  Barracks, SCV  
  52  4:52  Supply Depot  
  53  4:55  SCV  
  53  4:56  Starport Reactor  
  54  5:03  Marine x2  
  56  5:07  SCV x2  
  56  5:11  Refinery  
  56  5:13  Refinery  
  58  5:15  Reaper  
  58  5:19  SCV x2  
  61  5:23  Supply Depot, Marine  
  61  5:24  Marine  
  61  5:27  Siege Tank  
  66  5:36  SCV x2  
  66  5:39  Barracks Tech Lab  
  66  5:40  Medivac  
  70  5:45  Marine x2, Medivac  
  70  5:48  SCV x2  
  76  5:51  Supply Depot  
  76  5:55  Marauder  
  76  5:56  Supply Depot  
  78  6:14  SCV x2  
  78  6:15  Marine x2  
  78  6:17  Marauder x2  
  78  6:18  Siege Tank  
  89  6:24  Medivac  
  91  6:26  SCV x2  
  93  6:41  SCV  
  94  6:52  Barracks  
  94  6:54  Barracks  
  94  7:25  Command Center  
  94  7:49  Barracks Tech Lab  
  94  7:50  Barracks Tech Lab  
  94  8:18  Concussive Shells  
  94  8:19  Combat Shields  
  94  8:25  Supply Depot  
  94  8:26  Supply Depot  
  94  8:27  Supply Depot  
  94  8:28  Supply Depot  
  94  8:31  Command Center  
  94  8:36  Marine x2, Siege Tank, SCV x2, Viking x2  
  94  8:37  Marauder x2  
  109  8:47  Marauder x2  
  113  8:48  SCV x2  
  113  8:58  Marauder  
  115  9:03  Orbital Command  
  115  9:05  Marine x2  
  115  9:06  Marine  
  115  9:08  Marine, Siege Tank, Marauder  
  83  9:24  Marauder x2  
  83  9:26  Marauder  
  83  9:29  Marine x2  
  83  9:30  Marauder  
  80  9:32  Medivac x2  
  76  9:45  Marine, Marauder  
  62  9:48  Marauder  
  62  9:51  Marauder  
  47  10:02  Viking x2  
  47  10:03  Marauder  
  47  10:06  Supply Depot  
  47  10:12  Supply Depot  
  47  10:15  SCV  
  47  10:16  Supply Depot  
  48  10:26  Marine x3  
  48  10:27  SCV  
  48  10:28  Marauder x3  
  55  10:32  Viking x2  
  59  10:39  SCV  
  59  10:45  Marauder  
  59  10:49  Marauder  
  58  10:50  Marauder  
  58  10:52  Marine x3, SCV  
Tags
 
Composition
MMM Bio
Matchup
PvT
Replay Pack
Last Remnant (2)
Spawn Locations
Cross Positions
Add a new tag
Caveats
  • Supply blocks, unpowered buildings, or Contaminate may cause inaccurate times.
  • Supply counts are checked every 10 seconds.